 Dungeon Crawl Stone Soup version 0.17.0-23-g0de4337 (webtiles) character file.

56 JudasIscariot the Skirmisher (level 3, -1/29 HPs)
             Began as a Demonspawn Fighter on Nov 14, 2015.
             Slain by Crazy Yiuf
             ... wielding a +4 quarterstaff of chaos
              (4 damage)
             ... on level 3 of the Dungeon.
             The game lasted 00:06:21 (1972 turns).

JudasIscariot the Skirmisher (Demonspawn Fighter)   Turns: 1972, Time: 00:06:21

Health: -1/29      AC: 12    Str: 17    XL:     3   Next: 71%
Magic:  0/3        EV:  7    Int:  9    God:
Gold:   106        SH:  9    Dex: 17    Spells: 0 memorised, 2 levels left

rFire  . . .     SeeInvis .     a - +0 flail
rCold  . . .     Rnd*Rage +     k - +1 plate armour
rNeg   . . .     SustAt   .     c - +0 shield
rPois  .         Gourm    .     (no helmet)
rElec  .         Spirit   +     (no cloak)
rCorr  .         Warding  .     (no gloves)
rMut   .         Rnd*Tele +     (no boots)
MR     .....                    l - amulet of inaccuracy (curse)
Stlth  ..........               (no ring)
                                p - ring of teleportation

@: agile, lethally poisoned (-1 -> -8), not resistant to hostile enchantments,
extremely unstealthy
A: berserk 1, magic shield, MP-powered wands
a: Evoke Teleportation


You were on level 3 of the Dungeon.
You were not hungry.

You visited 1 branch of the dungeon, and saw 3 of its levels.

You collected 106 gold pieces.

Inventory:

Hand Weapons
 a - a +0 flail (weapon)
Armour
 b - a +0 scale mail
 c - a +0 shield (worn)
 k - a +1 plate armour (worn)
Jewellery
 l - a cursed amulet of inaccuracy (around neck)
 p - a ring of teleportation (left hand)
Scrolls
 h - 2 scrolls of identify
 i - a scroll of noise
 o - a scroll of random uselessness {unknown}
 r - a scroll of teleportation {unknown}
Potions
 d - a potion of might
 f - a potion of cancellation
Comestibles
 g - 2 chunks of flesh
 m - 2 slices of pizza
 n - 4 meat rations
 s - 2 fruits


   Skills:
 * Level 3.4 Fighting
 * Level 2.1 Maces & Flails
 * Level 3.1 Armour
 * Level 3.3 Shields


You had 2 spell levels left.
You didn't know any spells.

Dungeon Overview and Level Annotations

Branches:
Dungeon (3/15)

Altars:
Ashenzari

Annotations:
D:3 Crazy Yiuf


Innate Abilities, Weirdness & Mutations

When hurt, damage is shared between your health and your magic reserves.
You tend to lose your temper in combat.
You expend magic power (3 MP) to strengthen your wands.


Message History

Drink which item? (? for menu, Esc to quit)
It was a potion of agility.
You feel agile all of a sudden.
* * * LOW HITPOINT WARNING * * *
You feel sick. Crazy Yiuf hits you but does no damage.
Drink which item? (? for menu, Esc to quit)
It was a potion of mutation.
You feel extremely strange.
You feel a little pissed off.
You feel your magical essence link to your wands.
You block Crazy Yiuf's attack.
You closely miss Crazy Yiuf.
Crazy Yiuf is heavily wounded.
* * * LOW HITPOINT WARNING * * *
You feel sick. Crazy Yiuf hits you but does no damage.
Your plate armour prevents you from hitting Crazy Yiuf.
Crazy Yiuf is heavily wounded.
* * * LOW HITPOINT WARNING * * *
You feel sick.
Crazy Yiuf hits you with a quarterstaff of chaos.
You die...

###
#####.).................>#
######.########[.!.....
#.# #<......# #.#
#........ ### #######.# #
##### #@..# #g..+ #)..#
#####


You could see Crazy Yiuf.

Vanquished Creatures
  An adder (D:3)
  A giant gecko (D:2)
  3 ball pythons
  4 bats
  2 giant cockroaches
  6 goblins
  8 hobgoblins
  4 kobolds
  3 giant newts
  4 jackals (D:3)
  7 rats
43 creatures vanquished.

Notes
Turn   | Place    | Note
--------------------------------------------------------------
     0 | D:1      | JudasIscariot the Demonspawn Fighter began the quest for the Orb.
     0 | D:1      | Reached XP level 1. HP: 18/18 MP: 1/1
   160 | D:1      | Gained mutation: When hurt, damage is shared between your health and your magic reserves. [demonic ancestry]
   160 | D:1      | Reached XP level 2. HP: 24/24 MP: 2/2
  1084 | D:2      | Reached XP level 3. HP: 29/29 MP: 3/3
  1866 | D:3      | Found a shattered altar of Ashenzari.
  1967 | D:3      | Noticed Crazy Yiuf
  1970 | D:3      | Gained mutation: You tend to lose your temper in combat. [potion of mutation]
  1970 | D:3      | Gained mutation: You expend magic power (3 MP) to strengthen your wands. [potion of mutation]
  1972 | D:3      | Slain by Crazy Yiuf

Action                   || total
-------------------------++-------
Melee: Flail             ||   268
  Use: Scroll            ||     4
       Potion            ||     2
  Eat: Chunk             ||     1
       Bread ration      ||     1
